 Dungeon Crawl Stone Soup version 0.21-a0-504-g2eda330 (webtiles) character file.

167 sagitran the Sneak (level 5, -9/38 HPs)
             Began as a Human Wanderer on Nov 25, 2017.
             Blown up by an orc (16 damage)
             ... with a wand of disintegration (7)
             ... on level 3 of the Dungeon.
             The game lasted 00:16:00 (3452 turns).

sagitran the Sneak (Human Wanderer)                 Turns: 3452, Time: 00:16:01

Health: -9/38      AC:  4    Str: 16    XL:     5   Next: 76%
Magic:  4/6        EV: 11    Int: 12    God:
Gold:   107        SH:  0    Dex: 10    Spells: 2/6 levels left

rFire    . . .     SeeInvis .   g - +0 dagger (elec)
rCold    . . .     Gourm    .   (no shield)
rNeg     . . .     Faith    .   i - +0 leather armour
rPois    .         Spirit   .   (no helmet)
rElec    .         Reflect  .   (no cloak)
rCorr    .         Harm     .   (no gloves)
MR       .....                  p - +0 pair of boots
Stlth    ++........             (no amulet)
HPRegen  0.12/turn              t - +1 ring of slaying
MPRegen  0.10/turn              (no ring)

@: no status effects
A: no striking features
a: no special abilities


You were on level 3 of the Dungeon.
You were hungry.

You visited 1 branch of the dungeon, and saw 3 of its levels.

You collected 107 gold pieces.

Inventory:

Hand Weapons
 a - a +2 dagger
 c - a +0 quarterstaff
 g - a +0 dagger of electrocution (weapon)
Missiles
 r - 10 arrows
Armour
 e - a +0 robe
 h - a +0 ring mail
 i - a +0 leather armour (worn)
 n - a +0 robe of fire resistance
 p - a +0 pair of boots (worn)
Jewellery
 t - a +1 ring of slaying (left hand)
 u - an uncursed amulet of faith
Scrolls
 b - a scroll of magic mapping {unknown}
 j - a scroll of enchant armour {unknown}
 m - 3 scrolls of teleportation
 o - a scroll of immolation {unknown}
 q - a scroll of fear
 s - 3 scrolls of remove curse {unknown}
 x - a scroll of noise {unknown}
Potions
 l - a potion of haste
 z - a potion of ambrosia {unknown}
Comestibles
 f - a bread ration
 k - 2 fruits
 v - 4 chunks of flesh


   Skills:
 + Level 1.7 Fighting
 + Level 0.7 Short Blades
 + Level 1.5 Staves
 + Level 2.1 Armour
 + Level 1.1 Dodging
 + Level 4.0 Stealth
   Level 1.0 Shields
 + Level 1.1 Spellcasting
   Level 1.0 Charms
 + Level 3.0 Transmutations
   Level 1.0 Evocations


You had 2 spell levels left.
You knew the following spells:

 Your Spells              Type           Power        Failure   Level  Hunger
a - Sticks to Snakes      Tmut           #.......     16%         2    ###....
b - Passwall              Tmut/Erth      #.........   30%         2    ###....


Dungeon Overview and Level Annotations

Branches:
Dungeon (3/15)

Altars:
Gozag
Makhleb
Nemelex Xobeh
Ru


Message History

You hit the orc but do no damage. Lightning courses through the orc!
You kill the orc!
The orc zaps a wand.
You are blasted!
* * * LOW HITPOINT WARNING * * *
It is a wand of disintegration (7).
You aren't carrying any items that you can evoke.
Casting: Sticks to Snakes
Confirm with . or Enter, or press ? or * to list all spells.
Okay, then.
It was a potion of curing.
You feel better.
Casting: Sticks to Snakes
Confirm with . or Enter, or press ? or * to list all spells.
You create a snake!
You now have 10 arrows.
Your ball python misses the orc.
Your ball python closely misses the orc.
Things that are here:
a club; a leather armour; a war axe You are feeling hungry.
You hit the orc but do no damage.
The orc zaps a wand.
You are blasted!
You die...

..........# #..................
..........# #.#........#.......
..........#####.#......#.#.......
.................................
...........####........#.........
............#...)#..#..##........
...............####.#............
..........####:o###.###.#.)...>..
########### ##S@...###.#.....###
##).............#
####...#.#...### ###.#.#...#
#....#### ######


You could see an orc and a friendly ball python.

Vanquished Creatures
  Natasha (D:3)
  5 adders
  An ooze (D:3)
  2 worms
  3 dart slugs
  3 leopard geckos
  6 orcs (D:3)
  5 bats
  6 giant cockroaches
  7 goblins
  3 hobgoblins
  6 jackals (D:1)
  9 kobolds
  9 frilled lizards
  2 rats (D:1)
68 creatures vanquished.

Vanquished Creatures (collateral kills)
  An adder (D:2)
  A hobgoblin (D:2)
2 creatures vanquished.

Grand Total: 70 creatures vanquished

Notes
Turn   | Place    | Note
-------+----------+-------------------------------------------
     0 | D:1      | sagitran the Human Wanderer began the quest for the Orb.
     0 | D:1      | sagitran set off with: a +2 dagger, a scroll of blinking, a +0 quarterstaff, the Almanac of Transmutation, a +0 robe, a bread ration
     0 | D:1      | Reached XP level 1. HP: 15/15 MP: 2/2
     2 | D:1      | Identified the Almanac of Transmutation
   383 | D:1      | Reached XP level 2. HP: 1/21 MP: 3/3
   925 | D:1      | Reached skill level 3 in Stealth
   925 | D:1      | Reached XP level 3. HP: 6/26 MP: 4/4
   940 | D:1      | Learned a level 2 spell: Sticks to Snakes
   943 | D:1      | Learned a level 2 spell: Passwall
  1952 | D:2      | Reached skill level 1 in Armour
  1991 | D:2      | Found a sparkling altar of Nemelex Xobeh.
  2040 | D:2      | Reached XP level 4. HP: 25/32 MP: 5/5
  2105 | D:2      | Reached skill level 1 in Staves
  2105 | D:2      | Reached skill level 1 in Dodging
  2564 | D:3      | Found an opulent altar of Gozag.
  2565 | D:3      | Found a sacrificial altar of Ru.
  2610 | D:3      | Reached XP level 5. HP: 28/37 MP: 6/6
  3024 | D:3      | Noticed Natasha
  3030 | D:3      | Killed Natasha
  3257 | D:3      | Found a burning altar of Makhleb.
  3318 | D:3      | Reached skill level 4 in Stealth
  3446 | D:3      | HP: 1/38 [disintegration (12)]
  3452 | D:3      | Blown up by an orc

Vault maps used:
D:1:      dpeg_arrival_concentric_ovals, hangedman_feature_mirror,
          minmay_door_square
D:2:      nemelex_xobeh_ov_fountains_minmay
D:3:      lemuel_crystal_altar, eat_drink_and_be_merry_uskayaw, minitemple,
          st_stairs_14, bloody_makhleb, uniq_natasha

Skill      XL: |  1  2  3  4  5 |
---------------+----------------+-----
Stealth        | 3 4 |  4.0
Armour         | 1 2 |  2.1
Staves         | 1 |  1.5
Dodging        | 1 |  1.1
Fighting       | |  1.7
Short Blades   | |  0.7
Shields        | |  1.0
Spellcasting   | |  1.1
Charms         | |  1.0
Transmutations | |  3.0
Evocations     | |  1.0

Action                   |  1- 3 |  4- 6 || total
-------------------------+-------+-------++-------
Melee: Quarterstaff      |   127 |    88 ||   215
       Dagger            |    18 |    13 ||    31
 Cast: Sticks to Snakes  |       |     2 ||     2
  Use: Scroll            |     3 |     4 ||     7
       Potion            |       |     2 ||     2
 Stab: Sleeping          |     6 |     5 ||    11
  Eat: Chunk             |     4 |     4 ||     8
Armor: Robe              |    12 |       ||    12
       Leather armour    |    32 |    26 ||    58
       Skin              |       |     7 ||     7
Dodge: Dodged            |   113 |    42 ||   155

Table legend:
 A = Spawn XP
 B = Non-spawn XP
 C = Spawn XP percentage of total XP
 D = Spawn monster count
 E = Non-spawn monster count
 F = Spawn count percentage of total count
 G = Total turns spent on level
                    A         B        C        D         E        F      G
               +---------+---------+-------+---------+---------+-------+---------
         Total |       0 |     239 |   0.0 |       0 |      70 |   0.0 |  3452
               +---------+---------+-------+---------+---------+-------+---------
           D:1 |       0 |      60 |   0.0 |       0 |      34 |   0.0 |  1893
           D:2 |       0 |      56 |   0.0 |       0 |      14 |   0.0 |   782
           D:3 |       0 |     123 |   0.0 |       0 |      22 |   0.0 |   777
               +---------+---------+-------+---------+---------+-------+---------
